 Dungeon Crawl Stone Soup version 0.31-a0-868-g674d60d6f7 (webtiles) character file.

Game seed: 14162364137213432341

11643 ipx the Cleaver (level 11, -13/51 HPs)
             Began as a Vine Stalker Fighter on Oct 11, 2023.
             Was the Champion of Okawaru.
             Shot with an arrow by a centaur warrior (16 damage)
             ... on level 14 of the Dungeon.
             The game lasted 00:35:32 (2691 turns).

ipx the Cleaver (Vine Stalker Fighter)              Turns: 2691, Time: 00:35:33

Health: -13/51     AC: 18    Str: 29    XL:     11   Next: 80%
Magic:  0/18       EV:  7    Int: 11    God:    Okawaru [******]
Gold:   479        SH:  9    Dex: 14    Spells: 10/10 levels left

rFire   + . .        L - +2 broad axe of Nosiar {spect, rElec Will+}
rCold   . . .        c - +0 buckler
rNeg    . . .        M - +7 plate armour of Awuulida {Fly rF+}
rPois   .            F - +0 hat {Int+3}
rElec   +            (no cloak)
rCorr   .            (no gloves)
SInv    .            (no boots)
Will    ++...        X - amulet of reflection Stlth
                     S - +6 ring of strength
HPRegen 1.08/turn    (no ring)
MPRegen 0.16/turn

%: reflection, guardian spirit
@: flying
A: fangs 3, regeneration 1, magic shield, antimagic bite, no potion heal 2
a: Renounce Religion, Heroism, Finesse, Duel


You were on level 14 of the Dungeon.
You worshipped Okawaru.
Okawaru was exalted by your worship.
You visited 2 branches of the dungeon, and saw 16 of its levels.
You also visited: Sewer and Ossuary.

You collected 479 gold pieces.

Inventory:

Hand Weapons
 a - a +3 hand axe
 G - a +0 war axe
 L - the +2 broad axe of Nosiar (weapon) {spect, rElec Will+}
   (Okawaru gifted it to you on level 10 of the Dungeon)

   rElec:     It insulates you from electricity.
   Will+:     It increases your willpower.
 N - a +0 morningstar
Missiles
 o - 14 atropa-tipped darts
 r - a curare-tipped dart
 y - 5 boomerangs
 B - 4 javelins (quivered)
 K - 6 poisoned darts
Armour
 b - a +0 scale mail
 c - a +0 buckler (worn)
 d - a +0 troll leather armour {Pargi}
 E - a +0 chain mail
 F - a +0 hat of intelligence (worn)
 M - the +7 plate armour of Awuulida (worn) {Fly rF+}
   (Okawaru gifted it to you on level 10 of the Dungeon)

   rF+:       It protects you from fire.
   Fly:       It grants you flight.
Jewellery
 p - a ring of poison resistance
 S - a +6 ring of strength (left hand)
 W - a ring of wizardry
 X - an amulet of reflection (around neck)
Wands
 u - a wand of paralysis (10)
 z - a wand of quicksilver (10)
 A - a wand of roots (3)
 I - a wand of flame (10)
 P - a wand of mindburst (5)
Scrolls
 e - 2 scrolls of poison
 j - 2 scrolls of amnesia
 k - a scroll of revelation
 l - 3 scrolls of fog
 s - a scroll of blinking
 v - 4 scrolls of teleportation
 C - a scroll of noise
 H - 2 scrolls of enchant armour {unknown}
 J - 2 scrolls of enchant weapon {unknown}
 O - a scroll of butterflies
Potions
 f - 2 potions of mutation
 g - 3 potions of haste
 h - 2 potions of invisibility {unknown}
 i - 2 potions of heal wounds {unknown}
 m - 2 potions of curing {unknown}
 n - 2 potions of brilliance {unknown}
 q - 3 potions of lignification
 t - 2 potions of enlightenment {unknown}
 w - a potion of might
 x - a potion of magic {unknown}
 D - a potion of attraction {unknown}


   Skills:
 - Level 2.6 Fighting
 + Level 13.2 Axes
 - Level 2.0 Throwing
 - Level 2.4 Armour
 - Level 1.0 Dodging
 - Level 3.0 Stealth
 - Level 2.6 Shields
 - Level 9.0 Invocations
 + Level 5.5 Evocations


You had 10 spell levels left.
You didn't know any spells.
Your spell library contained the following spells:

 Spells                   Type           Power      Damage    Failure   Level
 Necrotise                Necr           0%         1d4       99%         1
 Slow                     Hex            0%         N/A       99%         1
 Blink                    Tloc           0%         N/A       100%        2
 Confusing Touch          Hex            0%         N/A       100%        3
 Sigil of Binding         Hex            0%         N/A       100%        3
 Vampiric Draining        Necr           0%         2d6       100%        3
 Manifold Assault         Tloc           0%         N/A       100%        4
 Agony                    Necr           0%         N/A       100%        5


Dungeon Overview and Level Annotations

Branches:
Dungeon (15/15)            Temple (1/1) D:4            Lair (0/5) D:10
  Sewer (visited)         Ossuary (visited)
    Orc: D:9-12      Vaults: D:13-14     Depths: D:15

Altars:
Ashenzari
Cheibriados
Dithmenos
Elyvilon
Fedhas
Gozag
Kikubaaqudgha
Makhleb
Nemelex Xobeh
Okawaru
Ru
Sif Muna
Trog
Vehumet
Xom
Yredelemnul

Annotations:
D:14 exclusion: downstairs


Innate Abilities, Weirdness & Mutations

You have razor-sharp teeth.
Your natural rate of healing is unusually fast.
When hurt, damage is shared between your health and your magic reserves.
Your bite disrupts and absorbs the magic of your enemies.
Potions cannot restore your health.


Message History

The nine-headed hydra bites you.
The nine-headed hydra bites you but does no damage.
You block the nine-headed hydra's attack.
The nine-headed hydra bites you but does no damage.
The nine-headed hydra bites you.
The centaur warrior shoots an arrow.
The arrow hits you!
You barely miss the nine-headed hydra. You bite the nine-headed hydra.
You drain its power.
You feel invigorated.
The nine-headed hydra is severely wounded.
Your +2 broad axe of Nosiar {spect, rElec Will+} hits the nine-headed hydra.
Your +2 broad axe of Nosiar {spect, rElec Will+} hacks one of the nine-headed hydra's heads off!
The eight-headed hydra grows two more!
The ten-headed hydra bites you.
The ten-headed hydra bites you but does no damage.
The ten-headed hydra completely misses you.
The ten-headed hydra bites you but does no damage. x2
You block the ten-headed hydra's attack.
The ten-headed hydra barely misses you.
The ten-headed hydra bites you but does no damage. x2
You block the ten-headed hydra's attack.
The centaur warrior shoots an arrow.
The arrow hits you!!
You slice one of the ten-headed hydra's heads off!
The nine-headed hydra grows two more!
You slice the 11-headed hydra!! You bite the 11-headed hydra!
You drain its power.
You feel invigorated.
The 11-headed hydra is almost dead.
Your +2 broad axe of Nosiar {spect, rElec Will+} hits the 11-headed hydra.
The 11-headed hydra bites you.
* * * LOW HITPOINT WARNING * * *
The 11-headed hydra bites you but does no damage.
The 11-headed hydra bites you!
* * * LOW HITPOINT WARNING * * *
The 11-headed hydra bites you but does no damage.
You block the 11-headed hydra's attack.
The 11-headed hydra bites you but does no damage.
You block the 11-headed hydra's attack. The 11-headed hydra bites you!
* * * LOW HITPOINT WARNING * * *
You block the 11-headed hydra's attack. The 11-headed hydra bites you.
* * * LOW HITPOINT WARNING * * *
The 11-headed hydra bites you but does no damage.
The centaur warrior shoots an arrow.
The arrow hits you!!
You die...

***+******* *,,** * *,**
###.#####*** * ** *,,*
****#>.......,,* * ,*
***+***,,,.........,,* *** ,*
*,,,,,*,**#........,,* ***,, ,*
*,,,,,*,* #........,,***,+,* ,*
***,,,,,*,* #........,,**,,*,,
,***,+,,,,,+,* #..).....,,*,,**,*
,*,,,*,,,,,***##@).....<,,,,***,*
,*,***,,,,,* ##..D(.....,,*** *,*
,*,* ***#+**##c#######.#*** *,*
,,,* #.###.#..~~~c.#,** *** ,***
#..#.#..~.o.~..*,** *,, **
*#..#..$~._.~..,*,* **+
#...#..~...~[.*,,** *,
######..#..~~~..#,,,,* *,
#........#######.,,,,******


You could see a 11-headed hydra, a centaur warrior and a friendly +2 broad axe
of Nosiar {spect, rElec Will+}.

Vanquished Creatures
  Gastronok (D:9)
  A centaur warrior (D:14)
  2 cyclopes
  An ugly thing (D:14)
  A rime drake (D:10)
  A troll (D:8)
  A polar bear (D:10)
  Prince Ribbit (D:8)
  A wyvern (D:9)
  A slime creature (D:12)
  15 yaks
  10 vampire mosquitoes
  An acid dragon (D:10)
  3 water moccasins (D:7)
  An orc warrior (D:8)
  Pargi (D:3)
  A sky beast (D:8)
  A black bear (D:6)
  7 ice beasts
  2 wolves (D:10)
  9 centaurs
  A kobold brigand (D:6)
  4 bullfrogs
  12 wights
  7 killer bees (D:8)
  2 howler monkeys (D:11)
  A human zombie (Ossuary)
  A hound (D:4)
  An orc priest (D:10)
  A sleepcap (D:6)
  7 orc wizards
  3 iguanas (D:6)
  A hound zombie (Ossuary)
  4 mummies (Ossuary)
  3 gnolls (D:6)
  2 river rats (Sewer)
  10 adders
  An adder zombie (Ossuary)
  A worm (D:2)
  A dart slug (D:2)
  22 orcs
  3 endoplasms
  5 giant cockroaches (D:6)
  2 goblins (D:4)
  6 hobgoblins
  18 ball pythons
  2 frilled lizards (Sewer)
  2 gnoll zombies (Ossuary)
  A goblin skeleton (D:9)
  A goblin zombie (Ossuary)
  2 hobgoblin zombies (Ossuary)
  A jackal zombie (Ossuary)
  3 kobolds
  3 orc zombies
  21 rats
  2 rat zombies (Ossuary)
219 creatures vanquished.

Notes
Turn   | Place    | Note
-------+----------+-------------------------------------------
     0 | D:1      | ipx the Vine Stalker Fighter began the quest for the Orb.
     0 | D:1      | Reached XP level 1. HP: 11/11 MP: 2/2
    24 | D:3      | Noticed Pargi
    69 | D:4      | Reached skill level 2 in Axes
   190 | D:2      | Reached XP level 2. HP: 16/16 MP: 3/3
   290 | D:3      | Killed Pargi
   291 | D:3      | Reached skill level 4 in Axes
   291 | D:3      | Reached XP level 3. HP: 6/19 MP: 2/4
   291 | D:3      | Reached XP level 4. HP: 8/23 MP: 2/5
   405 | D:4      | Reached XP level 5. HP: 27/27 MP: 6/6
   418 | D:4      | Found a staircase to the Ecumenical Temple.
   425 | Temple   | Entered the Ecumenical Temple
   436 | Temple   | Became a worshipper of Warmaster Okawaru
   456 | D:4      | Reached skill level 5 in Axes
   491 | D:4      | Reached skill level 1 in Dodging
   512 | D:5      | Entered Level 5 of the Dungeon
   549 | D:4      | Found a white marble altar of Elyvilon.
   580 | D:4      | Noticed an ice beast
   595 | D:4      | Killed an ice beast
   596 | D:4      | Reached skill level 1 in Stealth
   596 | D:4      | Reached XP level 6. HP: 32/32 MP: 7/7
   624 | D:5      | Found a basalt altar of Yredelemnul.
   637 | D:5      | You fall into a shaft and drop 2 floors!
   655 | D:7      | Noticed a water moccasin
   658 | D:6      | Found a glowing drain.
   666 | D:6      | Reached skill level 1 in Throwing
   681 | D:6      | Reached * piety under Okawaru
   693 | Sewer    | Entered a sewer
   738 | Sewer    | Reached XP level 7. HP: 35/35 MP: 6/8
   900 | Sewer    | Reached skill level 6 in Axes
  1010 | D:6      | Reached skill level 7 in Axes
  1110 | D:6      | Found a sand-covered staircase.
  1116 | Ossuary  | Entered an ossuary
  1149 | Ossuary  | Gained mutation: You have razor-sharp teeth. [Vine Stalker
                  | growth]
  1149 | Ossuary  | Reached XP level 8. HP: 34/39 MP: 6/9
  1183 | Ossuary  | Reached skill level 1 in Invocations
  1183 | Ossuary  | Reached skill level 1 in Evocations
  1438 | D:7      | Reached ** piety under Okawaru
  1535 | D:7      | Reached skill level 8 in Axes
  1588 | D:7      | Found a broken altar of Ashenzari.
  1634 | D:7      | HP: 1/36 [wight/+3 trident (2)]
  1635 | D:7      | Reached *** piety under Okawaru
  1636 | D:7      | Reached XP level 9. HP: 2/42 MP: 1/11
  1847 | D:8      | Reached skill level 9 in Axes
  1858 | D:8      | Reached **** piety under Okawaru
  1859 | D:8      | Reached skill level 5 in Invocations
  1866 | D:8      | Reached skill level 10 in Axes
  1866 | D:8      | Reached XP level 10. HP: 24/47 MP: 12/15
  1934 | D:9      | Noticed Gastronok
  1948 | D:9      | Killed Gastronok
  1962 | D:9      | Reached ***** piety under Okawaru
  2043 | D:8      | Reached skill level 11 in Axes
  2047 | D:8      | Noticed Prince Ribbit
  2055 | D:8      | Killed Prince Ribbit
  2082 | D:8      | Found a snail-covered altar of Cheibriados.
  2141 | D:9      | Noticed a kobold demonologist
  2144 | D:9      | Noticed a rust devil
  2147 | D:10     | Entered Level 10 of the Dungeon
  2280 | D:10     | Reached XP level 11. HP: 35/51 MP: 18/18
  2342 | D:10     | Reached skill level 12 in Axes
  2387 | D:10     | Found a staircase to the Lair.
  2391 | D:10     | Reached ****** piety under Okawaru
  2392 | D:10     | Acquired the +2 broad axe of Nosiar {spect, rElec Will+}
  2392 | D:10     | Received a gift from Okawaru
  2394 | D:10     | Acquired the +7 plate armour of Awuulida {Fly rF+}
  2394 | D:10     | Received a gift from Okawaru
  2438 | D:11     | Received a gift from Okawaru
  2542 | D:12     | Noticed a cyclops
  2550 | D:12     | Killed a cyclops
  2597 | D:13     | Noticed a cyclops
  2612 | D:13     | Killed a cyclops
  2613 | D:13     | Reached skill level 13 in Axes
  2627 | D:14     | Noticed a centaur warrior
  2644 | D:14     | Killed a centaur warrior
  2645 | D:14     | Reached skill level 5 in Evocations
  2668 | D:15     | Entered Level 15 of the Dungeon
  2668 | D:15     | Noticed a purple ugly thing
  2668 | D:15     | Noticed a purple ugly thing
  2668 | D:15     | Noticed a purple ugly thing
  2668 | D:15     | Noticed a purple ugly thing
  2668 | D:15     | Noticed a purple ugly thing
  2674 | D:14     | Killed a purple ugly thing
  2675 | D:14     | Found a sacrificial altar of Ru.
  2680 | D:14     | Noticed a centaur warrior
  2682 | D:14     | Noticed an eight-headed hydra
  2691 | D:14     | Shot with an arrow by a centaur warrior

Illustrated notes

Levels and vault maps discovered:
D:1:      minmay_arrival_up_and_down, layout_basic, minmay_ruptured
D:2:      cheibrodos_greedy_goblins, layout_loops_corners, basic_altar
D:3:      layout_rooms, mainiacjoe_overflow_tiny_flanked,
          shapermc_ecumenical_altar_ellora, chequers_serial_rivers_large_a,
          uniq_crazy_yiuf_cottage, uniq_ijyb, uniq_pargi
D:4:      layout_rooms, mainiacjoe_overflow_cross_hatched,
          overflow_temple_1_default, minmay_temple_entry_ruins
D:5:      layout_layer_cave, yredelemnul_altar_generic, serial_park_tiny_2,
          eino_small_chamber_without_monster, minivault_26, uniq_duvessa
D:6:      layout_loops_cross, lightli_ossuary_entry_decrepit_ruins,
          gup_sewer_entry_glass, hangedman_glass_teeth
D:7:      layout_basic, cheibrodos_ashenzari_chains, uniq_menkaure
D:8:      minmay_blocky_corners, layout_cave_pools, cheibriados_altar_1,
          amethyst_overflow_temple_binary, uniq_prince_ribbit1
D:9:      layout_irregular_city, zombieorc2_lemuel, nicolae_where_there's_smoke,
          uniq_maggie, uniq_amaemon, uniq_gastronok
D:10:     layout_roguey, general_overflow_altar, tso_metal_star,
          hellmonk_lair_entry_icy
D:11:     layout_basic, special_room [special_room_bee]
D:12:     layout_loops_ring, uniq_rupert, uniq_maurice
D:13:     layout_basic
D:14:     layout_roguey, grunt_vaults_entry_tiered, gauntlet_entry_generic,
          nicolae_ru_awakened_eye
D:15:     grunt_enter_depths_hoard, layout_long_grid,
          nemelex_diamond_rough_becter
Temple:   hellmonk_temple_forest_ring

Skill      XL: |  1  2  3  4  5  6  7  8  9 10 11 |
---------------+----------------------------------+-----
Axes           | 2 4 5 7 8 10 11 13 | 13.2
Dodging        | 1 |  1.0
Stealth        | 1 2 3 |  3.0
Throwing       | 1 2 |  2.0
Invocations    | 1 6 8 9 |  9.0
Evocations     | 4 5 |  5.5
Fighting       | |  2.6
Armour         | |  2.4
Shields        | |  2.6

Action                     |  1- 3 |  4- 6 |  7- 9 | 10-12 || total
---------------------------+-------+-------+-------+-------++-------
  Melee: War axe           |    30 |    77 |   220 |    44 ||   371
         Bite              |     7 |    19 |    54 |    76 ||   156
         Hand axe          |       |       |       |   130 ||   130
         Broad axe         |       |       |       |    54 ||    54
  Throw: Boomerang         |       |       |       |    10 ||    10
         Dart              |       |       |       |     1 ||     1
         Javelin           |       |       |       |     5 ||     5
 Invoke: Heroism           |       |       |     1 |     2 ||     3
         Receive Weapon    |       |       |       |     1 ||     1
         Receive Armour    |       |       |       |     1 ||     1
  Evoke: Wand              |       |       |     4 |     9 ||    13
    Use: Potion            |     1 |       |       |     1 ||     2
         Scroll            |       |     3 |     7 |     3 ||    13
   Stab: Distracted        |       |       |       |     1 ||     1
 Armour: Scale mail        |    33 |       |       |       ||    33
         Troll leather arm |       |    12 |       |       ||    12
         Chain mail        |       |    45 |   157 |   111 ||   313
         Skin              |       |       |       |     2 ||     2
         Plate armour      |       |       |       |    78 ||    78
  Dodge: Dodged            |    14 |    19 |   102 |    68 ||   203
  Block: Buckler           |    10 |    31 |   105 |   110 ||   256
         Reflection        |       |     2 |     2 |    10 ||    14

Table legend: (Time is in decaauts)
 A = Elapsed time spent in this place.
 B = Non-inter-level travel time spent in this place.
 C = Inter-level travel time spent in this place.
 D = Time resting spent in this place.
 E = Time spent auto-exploring this place.
 F = Levels seen in this place.
 G = Mean time per level.
                   A        B        C        D        E       F      G
               +--------+--------+--------+--------+--------+-----+--------+
         Total |   2761 |   2701 |     60 |     14 |      0 |  18 |  153.4 |
       Dungeon |   2262 |   2222 |     40 |     14 |      0 |  15 |  150.8 |
        Temple |     22 |      2 |     20 |      0 |      0 |   1 |   22.0 |
         Sewer |    303 |    303 |      0 |      0 |      0 |   1 |  303.0 |
       Ossuary |    173 |    173 |      0 |      0 |      0 |   1 |  173.0 |
               +--------+--------+--------+--------+--------+-----+--------+

Top non-repeatable levels by time:
     D:6: 418 daAuts
     D:7: 347 daAuts
   Sewer: 303 daAuts
     D:8: 258 daAuts
    D:10: 217 daAuts
     D:2: 208 daAuts
     D:4: 208 daAuts
     D:3: 174 daAuts
 Ossuary: 173 daAuts
    D:11: 102 daAuts
    D:12: 86 daAuts
    D:14: 64 daAuts
     D:5: 53 daAuts
     D:9: 48 daAuts
    D:13: 44 daAuts
